TOP OF THE 1ST |
New York Mets batting - Pitching for San Francisco Giants : RHP Keith Kidd
|
Pitching: RHP Keith Kidd
|
|
Batting: LHB Kevin Bellman
|
0-0: Foul Ball, location: 2F 0-1: Swinging Strike 0-2: Foul Ball, location: 2F 0-2: Ball 1-2: Foul Ball, location: 2F 1-2: Ball 2-2: Foul Ball, location: 2F 2-2: Foul Ball, location: 2F 2-2: Ball 3-2: Foul Ball, location: 2F 3-2: Base on Balls
|
Batting: SHB Gus Berry
|
0-0: Called Strike 0-1: Ball 1-1: Called Strike 1-2: Foul Ball, location: 2F 1-2: Foul Ball, location: 2F 1-2: Ball 2-2: DOUBLE (Line Drive, 89M, EV 103.1 MPH) Kevin Bellman to third
|
Batting: SHB Sean Cook
|
0-0: Swinging Strike 0-1: Swinging Strike 0-2: Ball 1-2: Foul Ball, location: 2F 1-2: Fly out, F4 (Popup, 4, EV 62.5 MPH)
|
Batting: SHB Jonathan Jenkins
|
0-0: Ball 1-0: Foul Ball, location: 2F 1-1: Called Strike 1-2: 3-RUN HOME RUN (Flyball, 9D, EV 101.2 MPH), Distance : 374 ft
|
Batting: RHB Jeff Jank
|
0-0: Fly out, F7 (Flyball, 7S, EV 96.9 MPH)
|
Batting: SHB Javy Rosa
|
0-0: Called Strike 0-1: Ball 1-1: SINGLE (Groundball, 34D, EV 99.4 MPH)
|
Batting: SHB Roberto Magne
|
0-0: Ball 1-0: Fly out, F7 (Line Drive, 7, EV 103.8 MPH)
|
Top of the 1st over - 3 runs, 3 hits, 0 errors, 1 left on base; New York 3 - San Francisco 0 |
BOTTOM OF THE 1ST |
San Francisco Giants batting - Pitching for New York Mets : RHP Matt McAtee
|
Pitching: RHP Matt McAtee
|
|
Batting: RHB Nick Rigden
|
0-0: Ball 1-0: Ball 2-0: Called Strike 2-1: Foul Ball, location: 2F 2-2: Ball 3-2: Foul Ball, location: 2F 3-2: SOLO HOME RUN (Line Drive, 7LD, EV 96.2 MPH), Distance : 368 ft
|
Batting: SHB Ryan Doss
|
0-0: Called Strike 0-1: Foul Ball, location: 2F 0-2: Ball 1-2: Strikes out swinging
|
Batting: LHB Jack Henningar
|
0-0: Ball 1-0: Fly out, F7 (Flyball, 78D, EV 104.4 MPH)
|
Batting: LHB Willis Robles
|
0-0: Foul Ball, location: 2F 0-1: Foul Ball, location: 2F 0-2: Ball 1-2: SINGLE (Groundball, 34D, EV 98.8 MPH)
|
Batting: RHB Nate Hodson
|
0-0: Called Strike 0-1: Ball Willis Robles is caught stealing 2nd base 2-4
|
Bottom of the 1st over - 1 run, 2 hits, 0 errors, 0 left on base; New York 3 - San Francisco 1 |
TOP OF THE 2ND |
New York Mets batting - Pitching for San Francisco Giants : RHP Keith Kidd
|
Batting: SHB Scott Scott
|
0-0: Ball 1-0: Ball 2-0: Foul Ball, location: 2F 2-1: Ball 3-1: Base on Balls
|
Batting: SHB Scott Bartholomew
|
0-0: Ball 1-0: Sac Bunt to 13 - play at first, batter OUT! 1-3 Scott Scott to second
|
Batting: LHB Kevin Bellman
|
0-0: Ball 1-0: Foul Ball, location: 2F 1-1: Called Strike 1-2: Strikes out swinging
|
Batting: SHB Gus Berry
|
0-0: Called Strike 0-1: SINGLE (Groundball, 4M, EV 100.6 MPH) (infield hit) Scott Scott to third
|
Batting: SHB Sean Cook
|
0-0: Fly out, F8 (Flyball, 8RD, EV 92.5 MPH)
|
Top of the 2nd over - 0 runs, 1 hit, 0 errors, 2 left on base; New York 3 - San Francisco 1 |
BOTTOM OF THE 2ND |
San Francisco Giants batting - Pitching for New York Mets : RHP Matt McAtee
|
Batting: RHB Nate Hodson
|
0-0: Ground out 5-3 (Groundball, 56, EV 93.1 MPH)
|
Batting: SHB Merrick Geter
|
0-0: Ball 1-0: Swinging Strike 1-1: Foul Ball, location: 2F 1-2: Foul Ball, location: 2F 1-2: Ball 2-2: Foul Ball, location: 2F 2-2: Strikes out looking
|
Batting: RHB Henri Cederberg
|
0-0: Ball 1-0: Foul Ball, location: 2F 1-1: Swinging Strike 1-2: Ball 2-2: Strikes out swinging
|
Bottom of the 2nd over - 0 runs, 0 hits, 0 errors, 0 left on base; New York 3 - San Francisco 1 |
TOP OF THE 3RD |
New York Mets batting - Pitching for San Francisco Giants : RHP Keith Kidd
|
Batting: SHB Jonathan Jenkins
|
0-0: Foul Ball, location: 2F 0-1: Ball 1-1: Ground out 4-3 (Groundball, 4S, EV 60.6 MPH)
|
Batting: RHB Jeff Jank
|
0-0: Ball 1-0: Ball 2-0: Foul Ball, location: 2F 2-1: Swinging Strike 2-2: Ball 3-2: Foul Ball, location: 2F 3-2: Strikes out looking
|
Batting: SHB Javy Rosa
|
0-0: Ball 1-0: Ball 2-0: Called Strike 2-1: Called Strike 2-2: Foul Ball, location: 2F 2-2: Fly out, F8 (Flyball, 8LXD, EV 98.8 MPH)
|
Top of the 3rd over - 0 runs, 0 hits, 0 errors, 0 left on base; New York 3 - San Francisco 1 |
BOTTOM OF THE 3RD |
San Francisco Giants batting - Pitching for New York Mets : RHP Matt McAtee
|
Batting: LHB Ryan Braden
|
0-0: Foul Ball, location: 2F 0-1: Foul Ball, location: 2F 0-2: Ball 1-2: Fly out, F8 (Flyball, 8LM, EV 86.9 MPH)
|
Batting: LHB Nick Swank
|
0-0: Called Strike 0-1: Ground out 3-1 (Groundball, 34S, EV 81.9 MPH)
|
Batting: RHB Nick Rigden
|
0-0: Called Strike 0-1: Ball 1-1: Ball 2-1: Fly out, F2 (Popup, 2LF, EV 92.5 MPH)
|
Bottom of the 3rd over - 0 runs, 0 hits, 0 errors, 0 left on base; New York 3 - San Francisco 1 |
TOP OF THE 4TH |
New York Mets batting - Pitching for San Francisco Giants : RHP Keith Kidd
|
Batting: SHB Roberto Magne
|
0-0: Ball 1-0: Foul Ball, location: 2F 1-1: Swinging Strike 1-2: Foul Ball, location: 2F 1-2: Ball 2-2: SINGLE (Groundball, 6M, EV 106.9 MPH)
|
Batting: SHB Scott Scott
|
0-0: Called Strike 0-1: Foul Ball, location: 2F 0-2: Ball 1-2: Ball 2-2: SINGLE (Groundball, 3D, EV 97.5 MPH) Roberto Magne to second Runner from 2nd tries for 3rd, SAFE, throw by RF made to third Scott Scott to second
|
Batting: SHB Scott Bartholomew
|
0-0: Called Strike 0-1: Foul Ball, location: 2F 0-2: DOUBLE (Flyball, 89D, EV 100.6 MPH) Roberto Magne scores Scott Scott scores
|
Pitching: RHP Tim Rymut
|
|
Batting: LHB Kevin Bellman
|
0-0: Ball 1-0: Called Strike 1-1: Fly out, F4 (Flyball, 34D, EV 85.0 MPH)
|
Batting: SHB Gus Berry
|
0-0: Swinging Strike 0-1: Called Strike 0-2: Ball 1-2: Ball 2-2: Ball 3-2: Fly out, F8 (Flyball, 8LM, EV 86.2 MPH)
|
Batting: SHB Sean Cook
|
0-0: Fly out, F7 (Flyball, 7D, EV 81.9 MPH)
|
Top of the 4th over - 2 runs, 3 hits, 0 errors, 1 left on base; New York 5 - San Francisco 1 |
BOTTOM OF THE 4TH |
San Francisco Giants batting - Pitching for New York Mets : RHP Matt McAtee
|
Batting: SHB Ryan Doss
|
0-0: Ball 1-0: TRIPLE (Flyball, 89XD, EV 110.0 MPH)
|
Batting: LHB Jack Henningar
|
0-0: SINGLE (Groundball, 3D, EV 108.1 MPH) Ryan Doss scores
|
Batting: LHB Willis Robles
|
0-0: Ball 1-0: Called Strike 1-1: Called Strike 1-2: Strikes out swinging
|
Batting: RHB Nate Hodson
|
0-0: Swinging Strike 0-1: Called Strike Jack Henningar steals 2nd base 0-2: Ball 1-2: Strikes out swinging
|
Batting: SHB Merrick Geter
|
0-0: Ball 1-0: Ball 2-0: Called Strike 2-1: Called Strike 2-2: SINGLE (Line Drive, 78S, EV 86.9 MPH) Jack Henningar to third Runner from 3rd tries for Home, SAFE, throw by LF to home
|
Batting: RHB Henri Cederberg
|
0-0: Ball 1-0: Foul Ball, location: 2F 1-1: Ball 2-1: Foul Ball, location: 2F 2-2: Strikes out swinging
|
Bottom of the 4th over - 2 runs, 3 hits, 0 errors, 1 left on base; New York 5 - San Francisco 3 |
TOP OF THE 5TH |
New York Mets batting - Pitching for San Francisco Giants : RHP Tim Rymut
|
Batting: SHB Jonathan Jenkins
|
0-0: Called Strike 0-1: Ball 1-1: Called Strike 1-2: Ball 2-2: Strikes out swinging
|
Batting: RHB Jeff Jank
|
0-0: Ball 1-0: Ball 2-0: Ball 3-0: Called Strike 3-1: SINGLE (Flyball, 3D, EV 85.6 MPH)
|
Batting: SHB Javy Rosa
|
0-0: Grounds into double play, 4-6-3 (Groundball, 4, EV 84.4 MPH)
|
Top of the 5th over - 0 runs, 1 hit, 0 errors, 0 left on base; New York 5 - San Francisco 3 |
BOTTOM OF THE 5TH |
San Francisco Giants batting - Pitching for New York Mets : RHP Matt McAtee
|
Batting: LHB Ryan Braden
|
0-0: Called Strike 0-1: Swinging Strike 0-2: Ball 1-2: Strikes out swinging
|
Batting: LHB Nick Swank
|
0-0: Ground out 6-3 (Groundball, 6M, EV 80.6 MPH)
|
Batting: RHB Nick Rigden
|
0-0: Called Strike 0-1: Ball 1-1: Fly out, F8 (Flyball, 78D, EV 88.1 MPH)
|
Bottom of the 5th over - 0 runs, 0 hits, 0 errors, 0 left on base; New York 5 - San Francisco 3 |
TOP OF THE 6TH |
New York Mets batting - Pitching for San Francisco Giants : RHP Tim Rymut
|
Batting: SHB Roberto Magne
|
0-0: Called Strike 0-1: Foul Ball, location: 2F 0-2: Ball 1-2: Strikes out swinging
|
Batting: SHB Scott Scott
|
0-0: Foul Ball, location: 2F 0-1: Ball 1-1: Foul Ball, location: 2F 1-2: Foul Ball, location: 2F 1-2: Fly out, F7 (Flyball, 7D, EV 102.5 MPH)
|
Batting: SHB Scott Bartholomew
|
0-0: Swinging Strike 0-1: Called Strike 0-2: Ball 1-2: Strikes out swinging
|
Top of the 6th over - 0 runs, 0 hits, 0 errors, 0 left on base; New York 5 - San Francisco 3 |
BOTTOM OF THE 6TH |
San Francisco Giants batting - Pitching for New York Mets : RHP Matt McAtee
|
Pitching: LHP Sam Schrecengost
|
|
Batting: SHB Ryan Doss
|
0-0: Called Strike 0-1: Ball 1-1: Foul Ball, location: 2F 1-2: Ball 2-2: Strikes out looking
|
Batting: LHB Jack Henningar
|
0-0: Foul Ball, location: 2F 0-1: Ball 1-1: Foul Ball, location: 2F 1-2: Ground out 4-3 (Groundball, 4S, EV 76.9 MPH)
|
Batting: LHB Willis Robles
|
0-0: Called Strike 0-1: Foul Ball, location: 2F 0-2: Ball 1-2: Strikes out swinging
|
Bottom of the 6th over - 0 runs, 0 hits, 0 errors, 0 left on base; New York 5 - San Francisco 3 |
TOP OF THE 7TH |
New York Mets batting - Pitching for San Francisco Giants : RHP Tim Rymut
|
Pitching: RHP Josh Lister
|
|
Batting: LHB Kevin Bellman
|
0-0: Called Strike 0-1: Foul Ball, location: 2F 0-2: Strikes out swinging
|
Batting: SHB Gus Berry
|
0-0: Ground out 4-3 (Groundball, 4, EV 85.0 MPH)
|
Batting: SHB Sean Cook
|
0-0: Foul Ball, location: 2F 0-1: Foul Ball, location: 2F 0-2: Foul Ball, location: 2F 0-2: Ball 1-2: Strikes out swinging
|
Top of the 7th over - 0 runs, 0 hits, 0 errors, 0 left on base; New York 5 - San Francisco 3 |
BOTTOM OF THE 7TH |
San Francisco Giants batting - Pitching for New York Mets : LHP Sam Schrecengost
|
Pitching: RHP Victor Morin
|
|
Batting: RHB Nate Hodson
|
0-0: Swinging Strike 0-1: Ball 1-1: Ball 2-1: Foul Ball, location: 2F 2-2: Ball 3-2: Foul Ball, location: 2F 3-2: Ground out 5-3 (Groundball, 56, EV 110.6 MPH)
|
Batting: SHB Merrick Geter
|
0-0: Fly out, F9 (Flyball, 9LM, EV 78.8 MPH)
|
Batting: RHB Henri Cederberg
|
0-0: Ball 1-0: Foul Ball, location: 2F 1-1: Called Strike 1-2: Strikes out looking
|
Bottom of the 7th over - 0 runs, 0 hits, 0 errors, 0 left on base; New York 5 - San Francisco 3 |
TOP OF THE 8TH |
New York Mets batting - Pitching for San Francisco Giants : RHP Josh Lister
|
Batting: SHB Jonathan Jenkins
|
0-0: Ball 1-0: Foul Ball, location: 2F 1-1: Ball 2-1: Swinging Strike 2-2: Ball 3-2: Ground out U3 (Groundball, 13, EV 83.8 MPH)
|
Batting: RHB Jeff Jank
|
0-0: Ball 1-0: Called Strike 1-1: Ball 2-1: Foul Ball, location: 2F 2-2: Strikes out looking
|
Batting: SHB Javy Rosa
|
0-0: Called Strike 0-1: Ball 1-1: Ball 2-1: Ball 3-1: Foul Ball, location: 2F 3-2: Strikes out looking
|
Top of the 8th over - 0 runs, 0 hits, 0 errors, 0 left on base; New York 5 - San Francisco 3 |
BOTTOM OF THE 8TH |
San Francisco Giants batting - Pitching for New York Mets : RHP Victor Morin
|
Pitching: LHP Xu-gang Zhou
|
|
Batting: LHB Ryan Braden
|
0-0: Ball 1-0: Ball 2-0: Called Strike 2-1: Foul Ball, location: 2F 2-2: Foul Ball, location: 2F 2-2: Ball 3-2: Base on Balls
|
Batting: LHB Nick Swank
|
0-0: Ball 1-0: Foul Ball, location: 2F 1-1: Ball 2-1: Ball 3-1: Foul Ball, location: 2F 3-2: Base on Balls Ryan Braden to second
|
Batting: RHB Nick Rigden
|
0-0: Ball 1-0: Ball 2-0: Bunted foul 2-1: Sac Bunt to 23 - play at first, batter OUT! 3-4 Ryan Braden to third Nick Swank to second
|
Batting: SHB Ryan Doss
|
0-0: Ball 1-0: Foul Ball, location: 2F 1-1: Foul Ball, location: 2F 1-2: Ball 2-2: Foul Ball, location: 2F 2-2: Ball 3-2: Strikes out swinging
|
Batting: LHB Jack Henningar
|
0-0: Ball 1-0: Ball 2-0: Ball 3-0: Base on Balls
|
Pinch Hitting: RHB Bobby Scholl
|
0-0: Foul Ball, location: 2F 0-1: Ball 1-1: Foul Ball, location: 2F 1-2: Strikes out swinging
|
Bottom of the 8th over - 0 runs, 0 hits, 0 errors, 3 left on base; New York 5 - San Francisco 3 |
TOP OF THE 9TH |
New York Mets batting - Pitching for San Francisco Giants : RHP Josh Lister
|
Pitching: RHP Borisz Barciniak
|
|
Now at 2B: Willie Ceniceros
|
|
Now in LF: Henri Cederberg
|
|
Batting: SHB Roberto Magne
|
0-0: Ball 1-0: Called Strike 1-1: Ball 2-1: Foul Ball, location: 2F 2-2: Foul Ball, location: 2F 2-2: SINGLE (Groundball, 4S, EV 66.9 MPH) (infield hit)
|
Batting: SHB Scott Scott
|
0-0: Bunted foul 0-1: Ball 1-1: Sac Bunt to 13S - play at first, batter OUT! 1-4 Roberto Magne to second
|
Batting: SHB Scott Bartholomew
|
0-0: Called Strike 0-1: Ball 1-1: Foul Ball, location: 2F 1-2: Strikes out swinging
|
Batting: LHB Kevin Bellman
|
0-0: SINGLE (Groundball, 56S, EV 66.2 MPH) (infield hit) Roberto Magne to third
|
Batting: SHB Gus Berry
|
0-0: Ball 1-0: Foul Ball, location: 2F 1-1: Ball 2-1: Called Strike 2-2: SINGLE (Flyball, 7S, EV 91.9 MPH) Roberto Magne scores Kevin Bellman to second
|
Pitching: RHP Jorge Sosa
|
|
Batting: SHB Sean Cook
|
0-0: Swinging Strike 0-1: Foul Ball, location: 2F 0-2: Ball 1-2: Ball 2-2: Ball 3-2: SINGLE (Groundball, 56D, EV 100.6 MPH) (infield hit) Kevin Bellman to third Gus Berry to second
|
Batting: SHB Jonathan Jenkins
|
0-0: SINGLE (Groundball, 56, EV 95.0 MPH) Kevin Bellman scores Gus Berry to third Sean Cook to second Runner from 3rd tries for Home, SAFE, throw by LF to home
|
Batting: RHB Jeff Jank
|
0-0: Swinging Strike 0-1: Ball 1-1: Swinging Strike 1-2: Ball 2-2: Ball 3-2: Foul Ball, location: 2F 3-2: Foul Ball, location: 2F 3-2: Foul Ball, location: 2F 3-2: Foul Ball, location: 2F 3-2: Fly out, F3 (Flyball, 3D, EV 92.5 MPH)
|
Top of the 9th over - 3 runs, 5 hits, 0 errors, 2 left on base; New York 8 - San Francisco 3 |
BOTTOM OF THE 9TH |
San Francisco Giants batting - Pitching for New York Mets : LHP Xu-gang Zhou
|
Batting: RHB Nate Hodson
|
0-0: Ball 1-0: SOLO HOME RUN (Flyball, 9LD, EV 94.4 MPH), Distance : 336 ft
|
Batting: SHB Merrick Geter
|
0-0: SINGLE (Groundball, 4MD, EV 108.8 MPH) (infield hit)
|
Pitching: RHP Ben Dicks
|
|
Batting: RHB Henri Cederberg
|
0-0: DOUBLE (Line Drive, 89XD, EV 102.5 MPH) Merrick Geter to third
|
Batting: LHB Ryan Braden
|
0-0: Ball 1-0: Swinging Strike 1-1: Ball 2-1: Swinging Strike 2-2: Strikes out swinging
|
Batting: LHB Nick Swank
|
0-0: Called Strike 0-1: SINGLE (Line Drive, 4D, EV 96.9 MPH) Merrick Geter scores Henri Cederberg to third
|
Batting: RHB Nick Rigden
|
0-0: Called Strike 0-1: Foul Ball, location: 2F 0-2: Strikes out swinging
|
Batting: SHB Ryan Doss
|
0-0: Called Strike 0-1: Ball 1-1: Ball 2-1: Fly out, F9 (Flyball, 9LM, EV 88.1 MPH)
|
Bottom of the 9th over - 2 runs, 4 hits, 0 errors, 2 left on base; New York 8 - San Francisco 5 |
|